 Dungeon Crawl Stone Soup version 0.27-a0-1139-g28e009f8a6 (webtiles) character file.

Game seed: 6691570866516896356

41 Zeld the Skirmisher (level 3, -11/26 HPs)
             Began as an Octopode Fighter on May 7, 2021.
             Mangled by Sigmund
             ... wielding a +0 scythe
              (14 damage)
             ... on level 2 of the Dungeon.
             The game lasted 00:02:16 (961 turns).

Zeld the Skirmisher (Octopode Fighter)               Turns: 961, Time: 00:02:17

Health: -11/26     AC:  1    Str: 16    XL:     3   Next: 52%
Magic:  3/3        EV: 11    Int: 10    God:
Gold:   56         SH:  0    Dex: 11    Spells: 2/2 levels left

rFire    . . .     SeeInvis .   a - +0 war axe
rCold    . . .     Faith    .   b - +0 kite shield
rNeg     . . .     Spirit   .   (helmet restricted)
rPois    .         Reflect  .   (no amulet)
rElec    .         Harm     .   (no ring)
rCorr    .         Rampage  .   (no ring)
Will     .....                  (no ring)
Stlth    ++........             (no ring)
HPRegen  0.08/turn              (no ring)
MPRegen  0.08/turn              (no ring)
                                (no ring)
                                (no ring)

@: confused, mighty
A: almost no armour, amphibious, 8 rings, camouflage 1, gelatinous body 1,
(nimble swimmer 1), tentacles
a: no special abilities


You were on level 2 of the Dungeon.
You visited 1 branch of the dungeon, and saw 2 of its levels.

You collected 56 gold pieces.

Inventory:

Hand Weapons
 a - a +0 war axe (weapon)
Missiles
 i - 5 boomerangs (quivered)
Armour
 b - a +0 kite shield (worn)
Scrolls
 d - 2 scrolls of vulnerability {unknown}
 e - 3 scrolls of identify {unknown}
 g - a scroll of magic mapping {unknown}
Potions
 f - a potion of curing {unknown}
 h - a potion of flight {unknown}
 j - a potion of lignification {unknown}


   Skills:
 * Level 3.5 Fighting
 * Level 2.7 Axes
 + Level 0.0 Throwing
 - Level 3.0 Dodging
 * Level 3.5 Shields


You had 2 spell levels left.
You didn't know any spells.
Your spell library was empty.

Dungeon Overview and Level Annotations

Branches:
Dungeon (2/15)

Altars:

Annotations:
D:2 Sigmund


Innate Abilities, Weirdness & Mutations

You cannot wear most types of armour.
You are amphibious.
You can wear up to eight rings at the same time.
Your skin changes colour to match your surroundings (Stealth+).
Your rubbery body absorbs attacks. (AC +1, EV +1)
((You are camouflaged near water. (Stealth+)))
You have tentacles for arms and can constrict up to eight enemies at once.


Message History

Sigmund casts a spell at you. You resist with significant effort.
A kobold comes into view. It is wielding a +0 short sword.
The kobold shouts!
You block the bat's attack. The bat closely misses you.
Sigmund closely misses you.
You slash Sigmund! Your grab misses Sigmund.
Sigmund is heavily wounded.
You closely miss the bat. You block the bat's attack. The bat hits you.
Sigmund hits you with a +0 scythe. Sigmund hits you with a +0 scythe!
* * * LOW HITPOINT WARNING * * *
Unknown command.
You barely miss Sigmund. You grab Sigmund.
Sigmund is heavily wounded.
You slash the kobold!
You kill the kobold!
You closely miss the bat. You constrict Sigmund. The bat closely misses you.
Sigmund says, "Now you see me, now you don't..."
Sigmund casts a spell at you.
You are confused.
The bat hits you but does no damage. Sigmund hits you with a +0 scythe.
* * * LOW HITPOINT WARNING * * *
You release your grip on Sigmund.
The bat hits you but does no damage. The bat barely misses you.
Sigmund barely misses you. The bat closely misses you.
Sigmund points at himself and mumbles some strange words.
Sigmund flickers and vanishes!
Deactivating autopickup; reactivate with Ctrl-A.
Okay, then.
You bump into the rock wall.
The bat barely misses you.
You bump into the rock wall.
The bat hits you but does no damage.
You hear some strange, mumbled words.
You are more confused.
The bat misses you. The bat barely misses you. The bat hits you.
* * * LOW HITPOINT WARNING * * *
You're too confused to move!
Something hits you!
Ouch! That really hurt!
You die...

#..........#
#...........
##...........
#....).......#
#..........##
#............
#..{.......#
#..........#
#..@b......#
#..........#
#.........#
#.........#
#...).....#
#.........#
#.........#
#.........#
###########


You could see a bat.

Vanquished Creatures
  A dart slug (D:1)
  3 endoplasms
  3 goblins (D:1)
  A hobgoblin (D:1)
  4 jackals (D:1)
  4 kobolds
  2 quokkas (D:1)
  3 ball pythons (D:1)
  6 bats (D:1)
  5 frilled lizards (D:1)
  4 rats (D:1)
36 creatures vanquished.

Notes
Turn   | Place    | Note
-------+----------+-------------------------------------------
     0 | D:1      | Zeld the Octopode Fighter began the quest for the Orb.
     0 | D:1      | Reached XP level 1. HP: 16/16 MP: 1/1
   128 | D:1      | Reached XP level 2. HP: 19/21 MP: 2/2
   452 | D:1      | Reached XP level 3. HP: 26/26 MP: 3/3
   946 | D:2      | Noticed Sigmund
   961 | D:2      | Mangled by Sigmund

Illustrated notes

Levels and vault maps discovered:
D:1:      dpeg_arrival_stonehenge_8_columns, layout_basic, grunt_decor_junction
D:2:      layout_rooms, uniq_sigmund, uniq_crazy_yiuf_cottage

Action                   || total
-------------------------++-------
Melee: War axe           ||    52
       Constrict         ||    16
       Tentacles         ||    10
  Use: Potion            ||     1
 Stab: Sleeping          ||    11
Armor: Skin              ||    11
Dodge: Dodged            ||    30
Block: Kite shield       ||    21

Table legend: (Time is in decaauts)
 A = Elapsed time spent in this place.
 B = Non-inter-level travel time spent in this place.
 C = Inter-level travel time spent in this place.
 D = Time resting spent in this place.
 E = Time spent auto-exploring this place.
 F = Levels seen in this place.
 G = Mean time per level.
                   A        B        C        D        E       F      G
               +--------+--------+--------+--------+--------+-----+--------+
         Total |    992 |    975 |     17 |      0 |    762 |   2 |  496.0 |
       Dungeon |    992 |    975 |     17 |      0 |    762 |   2 |  496.0 |
               +--------+--------+--------+--------+--------+-----+--------+

Top non-repeatable levels by time:
     D:1: 958 daAuts
     D:2: 34 daAuts
